 Dungeon Crawl Stone Soup version 0.31-a0-4-gefa6de2278 (webtiles) character file.

Game seed: 14677705977010684283

203 NateTC the Chopper (level 5, -4/47 HPs)
             Began as a Hill Orc Fighter on May 4, 2023.
             Was a Follower of Beogh.
             Slain by an ogre
             ... wielding a +0 giant club
              (23 damage)
             ... on level 4 of the Dungeon.
             The game lasted 00:04:50 (2587 turns).

NateTC the Chopper (Hill Orc Fighter)               Turns: 2587, Time: 00:04:51

Health: -4/47      AC: 10    Str: 21    XL:     5   Next: 81%
Magic:  6/6        EV:  7    Int:  8    God:    Beogh [*.....]
Gold:   168        SH:  4    Dex: 10    Spells: 4/4 levels left

rFire   . . .        a - +0 war axe
rCold   . . .        c - +0 buckler
rNeg    . . .        r - +0 chain mail
rPois   .            p - +0 helmet
rElec   .            (no cloak)
rCorr   .            (no gloves)
SInv    .            (no boots)
Will    .....        b - amulet of the acrobat Stlth
                     (no ring)
HPRegen 0.27/turn    (no ring)
MPRegen 0.10/turn

%: acrobat
@: no status effects
A: no striking features
a: Renounce Religion


You were on level 4 of the Dungeon.
You worshipped Beogh.
Beogh was aware of your devotion.
You visited 1 branch of the dungeon, and saw 4 of its levels.

You collected 168 gold pieces.

Inventory:

Hand Weapons
 a - a +0 war axe (weapon)
Missiles
 q - a throwing net (quivered)
Armour
 c - a +0 buckler (worn)
 p - a +0 helmet (worn)
 r - a +0 chain mail (worn)
Jewellery
 b - an amulet of the acrobat (around neck)
Scrolls
 m - a scroll of butterflies
Potions
 d - a potion of flight {unknown}
 e - a potion of mutation {unknown}
 f - a potion of invisibility {unknown}
 g - 3 potions of heal wounds {unknown}
 h - a potion of degeneration {unknown}
 i - a potion of brilliance {unknown}
 j - 2 potions of curing {unknown}
 k - a potion of ambrosia {unknown}
 l - 3 potions of resistance {unknown}
 n - a potion of cancellation {unknown}
 o - a potion of haste {unknown}


   Skills:
 - Level 4.6 Fighting
 * Level 6.5 Axes
 - Level 3.2 Armour
 - Level 3.2 Shields
 + Level 2.2 Invocations


You had 4 spell levels left.
You didn't know any spells.
Your spell library contained the following spells:

 Spells                   Type           Power      Damage    Failure   Level
 Ensorcelled Hibernation  Hex/Ice        0%         N/A       99%         2
 Spider Form              Tmut/Pois      0%         N/A       100%        3
 Anguish                  Hex/Necr       0%         N/A       100%        4


Dungeon Overview and Level Annotations

Branches:
Dungeon (4/15) Zot: 21349
 Temple: D:4-7

Altars:


Message History

A hobgoblin is nearby!
Found a blackened soapstone amulet.
The hobgoblin hits you but does no damage.
You hit the hobgoblin.
The hobgoblin is severely wounded.
The hobgoblin completely misses you.
You slash the hobgoblin!
You kill the hobgoblin!
Beogh accepts your kill.
An ogre comes into view. It is wielding a +0 giant club.
The ogre shouts!
You hear a shout!
You see here an amulet of the acrobat.
b - an amulet of the acrobat
Okay, then.
You start putting on your amulet.
You continue putting on your amulet of the acrobat. x5
The ogre hits you with a +0 giant club!!
You finish putting on your amulet of the acrobat.
You feel ready to tumble and roll out of harm's way.
b - an amulet of the acrobat (around neck)
There is a stone staircase leading up here.
You climb upwards.
There is a stone staircase leading down here.
You start resting.
HP restored.
You climb downwards.
The ogre closely misses you.
There is a stone staircase leading up here.
You slash the ogre!
The ogre is heavily wounded.
The ogre hits you with a +0 giant club!
You slash the ogre!
The ogre is almost dead.
The ogre hits you with a +0 giant club!!
You barely miss the ogre.
The ogre is almost dead.
The ogre barely misses you.
You hit the ogre.
The ogre is almost dead.
The ogre hits you with a +0 giant club!!
You die...

..# #.# #.# #.# .
#.# ###..
##.######....
#.........##..
####.............
#O@..........#
#.......##........##
..########........#
#........#
#........#
#.#.###### #..#.#
..##.#


You could see an ogre.

Vanquished Creatures
  The ghost of superbruh the Trooper, a weakling MiFi (D:3)
  Terence (D:2)
  3 adders
  4 gnolls (D:3)
  2 dart slugs (D:3)
  An orc (D:3)
  4 ball pythons
  3 endoplasms
  2 giant cockroaches (D:1)
  4 goblins
  7 hobgoblins
  8 jackals
  4 bats
  2 frilled lizards (D:3)
  7 kobolds
  7 rats
60 creatures vanquished.

Vanquished Creatures (others)
  An orc (D:3)
  2 fungi (D:1)
3 creatures vanquished.

Grand Total: 63 creatures vanquished

Notes
Turn   | Place    | Note
-------+----------+-------------------------------------------
     0 | D:1      | NateTC the Hill Orc Fighter began the quest for the Orb.
     0 | D:1      | Reached XP level 1. HP: 19/19 MP: 1/1
   176 | D:1      | Reached skill level 3 in Axes
   218 | D:1      | Reached XP level 2. HP: 19/27 MP: 2/2
   628 | D:2      | Reached skill level 4 in Axes
   628 | D:2      | Reached XP level 3. HP: 33/33 MP: 3/3
   716 | D:2      | Noticed Terence
   727 | D:2      | Killed Terence
   742 | D:2      | Reached XP level 4. HP: 16/41 MP: 4/4
   991 | D:2      | Reached skill level 5 in Axes
  1431 | D:3      | Became a worshipper of Beogh the Brigand
  1649 | D:3      | Noticed superbruh's ghost (weakling MiFi)
  1676 | D:3      | Found a runed translucent door.
  2059 | D:3      | Reached skill level 1 in Invocations
  2059 | D:3      | Reached XP level 5. HP: 47/47 MP: 5/5
  2064 | D:3      | Reached skill level 6 in Axes
  2068 | D:3      | Reached * piety under Beogh
  2282 | D:3      | Killed superbruh's ghost
  2509 | D:4      | Noticed an ogre
  2587 | D:4      | Slain by an ogre

Illustrated notes

Levels and vault maps discovered:
D:1:      scummos_arrival_gate, layout_rooms, dreamdust_mushroom_princess
D:2:      layout_basic, minmay_pentomino_o4, uniq_terence
D:3:      layout_loops_ring, hellmonk_ghost_happy_afterlife,
          kennysheep_big_empty_room, hangedman_abyss_or_decor_lesser_grid
D:4:      layout_rooms, led_sif_pool, serial_shops, shop, nicolae_shop_self_help

Skill      XL: |  1  2  3  4  5 |
---------------+----------------+-----
Axes           | 3 4 5 6 |  6.5
Fighting       | 4 |  4.6
Invocations    | 1 2 |  2.2
Armour         | |  3.2
Shields        | |  3.2

Action                     |  1- 3 |  4- 6 || total
---------------------------+-------+-------++-------
  Melee: War axe           |    73 |   106 ||   179
 Invoke: Convert to Beogh  |       |     1 ||     1
    Use: Scroll            |     2 |     2 ||     4
         Potion            |     2 |       ||     2
 Armour: Scale mail        |    38 |    51 ||    89
         Chain mail        |       |     1 ||     1
  Dodge: Dodged            |    48 |    50 ||    98
  Block: Buckler           |    14 |    18 ||    32

Table legend: (Time is in decaauts)
 A = Elapsed time spent in this place.
 B = Non-inter-level travel time spent in this place.
 C = Inter-level travel time spent in this place.
 D = Time resting spent in this place.
 E = Time spent auto-exploring this place.
 F = Levels seen in this place.
 G = Mean time per level.
                   A        B        C        D        E       F      G
               +--------+--------+--------+--------+--------+-----+--------+
         Total |   2648 |   2528 |    120 |    567 |   1201 |   4 |  662.0 |
       Dungeon |   2648 |   2528 |    120 |    567 |   1201 |   4 |  662.0 |
               +--------+--------+--------+--------+--------+-----+--------+

Top non-repeatable levels by time:
     D:3: 1198 daAuts
     D:2: 809 daAuts
     D:1: 608 daAuts
     D:4: 32 daAuts
